 Dungeon Crawl Stone Soup version 0.16-a0-1333-g4c30825 (webtiles) character file.

619 Psiweapon the Conjurer (level 7, -2/36 HPs)
             Began as a Tengu Conjurer on Oct 16, 2014.
             Slain by sargx's ghost (11 damage)
             ... on level 5 of the Dungeon.
             The game lasted 00:23:37 (5184 turns).

Psiweapon the Conjurer (Tengu Conjurer)             Turns: 5184, Time: 00:23:37

Health: -2/36      AC:  6    Str:  9    XL:     7   Next: 46%
Magic:  0/14       EV: 12    Int: 16    God:
Gold:   210        SH:  0    Dex: 15    Spells: 3 memorised, 4 levels left

rFire  . . .     SeeInvis .     s - +0 dagger (vamp)
rCold  . . .     Clarity  +     h - +0 leather armour
rNeg   . . .     SustAb   .     (no shield)
rPois  .         Gourm    .     (helmet restricted)
rElec  .         Spirit   .     m - +0 cloak
rCorr  .         Warding  .     (no gloves)
rMut   .         Stasis   .     (boots unavailable)
MR     .....                    b - amulet of clarity
Stlth  ++++......               o - ring of stealth
                                l - +2 ring of protection

@: not resistant to hostile enchantments, stealthy
A: able to fly, beak, talons 3
a: Fly


You were on level 5 of the Dungeon.
You were very hungry.

You visited 1 branch of the dungeon, and saw 5 of its levels.

You collected 210 gold pieces.

Inventory:

Hand weapons
 d - a +0 whip
 e - a +0 dagger
 s - a +0 vampiric dagger (weapon)
Missiles
 g - 35 bolts
 r - 13 poisoned bolts
 y - 2 javelins (quivered)
Armour
 a - a +0 robe
 h - a +0 leather armour (worn)
 m - a +0 cloak (worn)
 D - a +0 pair of gloves
Jewellery
 b - an amulet of clarity (around neck)
 l - a +2 ring of protection (left hand)
 n - an uncursed ring of fire
 o - a ring of stealth (right hand)
 t - an uncursed amulet of warding
Magical devices
 k - a wand of paralysis (6)
 x - a wand of teleportation (4)
Scrolls
 f - 3 scrolls of fear
 j - 2 scrolls of immolation
 z - a scroll of fog
 A - a scroll of identify {unknown}
Potions
 i - a potion of might {unknown}
 u - 3 potions of poison {unknown}
 B - a potion of berserk rage {unknown}
Books
 c - a book of Conjurations

   Spells                             Type                      Level
   *Magic Dart                        Conjuration                  1
   *Searing Ray                       Conjuration                  2
   *Dazzling Spray                    Conjuration/Hexes            3
   Fulminant Prism                    Conjuration/Hexes            4
   Iskenderun's Mystic Blast          Conjuration                  4
   Iskenderun's Battlesphere          Conjuration/Charms           5
Comestibles
 p - 3 fruits
 q - a bread ration
 v - a meat ration
 w - a beef jerky
 C - 3 rotting chunks of ogre flesh


   Skills:
 + Level 5.2 Short Blades
 - Level 3.5 Dodging
 + Level 5.3 Stealth
 - Level 2.0 Spellcasting
 - Level 6.5 Conjurations


You had 4 spell levels left.
You knew the following spells:

 Your Spells              Type           Power        Failure   Level  Hunger
a - Magic Dart            Conj           ###.         1%          1    #......
b - Searing Ray           Conj           ###...       1%          2    ###....
c - Dazzling Spray        Conj/Hex       ##......     17%         3    ###....


Dungeon Overview and Level Annotations

Branches:
Dungeon (5/15)
 Temple: D:4-7

Altars:
Sif Muna
Xom
Yredelemnul

Shops:
D:4 (

Annotations:
D:5 sargx's ghost, experienced DDFi


Innate Abilities, Weirdness & Mutations

You can fly.
You have a beak for a mouth.
You have claws for feet.


Message History

Sargx's ghost hits you but does no damage.
Your leather armour prevents you from hitting the giant newt.
Your kick misses the giant newt. The giant newt bites you.
You hit the giant newt but do no damage.
Your kick misses the giant newt. Your peck misses the giant newt.
Sargx's ghost hits you!
You barely miss the giant newt. You peck the giant newt.
The giant newt is heavily wounded.
The giant newt barely misses you. Sargx's ghost hits you.
* * * LOW HITPOINT WARNING * * *
Casting: Dazzling Spray
Confirm with . or Enter, or press ? or * to list all spells.
Aiming: Dazzling Spray
Press: ? - help, Shift-Dir - straight line, f/p - sargx's ghost
Aim: sargx's ghost (moderately damaged)
The spray of energy misses sargx's ghost.
The giant newt bites you.
* * * LOW HITPOINT WARNING * * *
Sargx's ghost hits you!
You die...

#######............#########.###.
.................................
...##########..#################.
...# #..# #. ...# #..# #. ...#
##.## ####. ...# #.)# #####>...
..)# ##l## #..W..### ...#####
###.@## #l##### .......##
#...W.## #.# >..###..## #...((.##
##.# #### ##..######.....####..#
##...## ##..#...##W## ###..##
#..#.#.#..# ##..###..#.#...##
##..##.....#..# ##.##.#.#....####


You could see sargx's ghost and a giant newt.

Vanquished Creatures
  2 ogres
  A centaur (D:5)
  A sky beast (D:5)
  A scorpion (D:5)
  An iguana (D:4)
  A worker ant (D:4)
  6 adders
  A gnoll (D:1)
  A giant mite (D:2)
  2 worms
  A giant gecko (D:2)
  An ooze (D:2)
  4 orcs (D:4)
  A bat skeleton (D:4)
  2 giant cockroaches
  7 goblins
  11 hobgoblins
  11 jackals
  6 quokkas
  2 ball pythons
  9 bats
  6 giant newts
  9 kobolds
  10 rats
97 creatures vanquished.

Notes
Turn   | Place    | Note
--------------------------------------------------------------
     0 | D:1      | Psiweapon, the Tengu Conjurer, began the quest for the Orb.
     0 | D:1      | Reached XP level 1. HP: 10/10 MP: 3/3
   339 | D:1      | Reached XP level 2. HP: 15/15 MP: 0/5
   396 | D:1      | Learned a level 2 spell: Searing Ray
   865 | D:2      | Reached skill level 6 in Conjurations
   865 | D:2      | Reached XP level 3. HP: 19/19 MP: 0/7
  1291 | D:2      | Reached XP level 4. HP: 24/24 MP: 3/8
  1359 | D:2      | Learned a level 3 spell: Dazzling Spray
  2042 | D:3      | Reached skill level 1 in Short Blades
  2180 | D:3      | Found a deep blue altar of Sif Muna.
  2535 | D:3      | Reached XP level 5. HP: 21/28 MP: 6/11
  2831 | D:3      | Found a shimmering altar of Xom.
  3229 | D:4      | Found Wauweut's Weapon Shop.
  3930 | D:4      | Noticed an ogre
  3974 | D:4      | Killed an ogre
  3974 | D:4      | Reached XP level 6. HP: 10/32 MP: 4/12
  4462 | D:5      | Entered Level 5 of the Dungeon
  4670 | D:5      | Found a basalt altar of Yredelemnul.
  4710 | D:5      | Noticed sargx's ghost (experienced DDFi)
  4758 | D:5      | Reached XP level 7. HP: 11/36 MP: 14/14
  4975 | D:5      | Reached skill level 5 in Short Blades
  4975 | D:5      | Reached skill level 5 in Stealth
  5184 | D:5      | Slain by sargx's ghost

Action                   |  1- 3 |  4- 6 |  7- 9 || total
-------------------------+-------+-------+-------++-------
Melee: Dagger            |    27 |   204 |    17 ||   248
Throw: Javelin           |       |     2 |       ||     2
 Cast: Magic Dart        |    24 |    44 |       ||    68
       Searing Ray       |     3 |     3 |       ||     6
       Dazzling Spray    |       |    21 |    11 ||    32
Evoke: Wand              |       |     3 |       ||     3
  Use: Scroll            |       |     7 |       ||     7
 Stab: Sleeping          |     3 |    14 |       ||    17
       Invisible         |       |     1 |     1 ||     2
       Distracted        |       |     1 |       ||     1
       Paralysed         |       |     1 |       ||     1
  Eat: Pizza             |     2 |       |       ||     2
       Chunk             |     1 |    12 |     2 ||    15
       Bread ration      |     1 |       |       ||     1
